Map: Dusk Towers

Players

Pokebunny

  • Race: Terran Terran
  • League: Grandmaster

llllllll - Winner!

  • Race: Zerg Zerg
  • League: Master

VOD

Have the link to the VOD?

Description

Time

  • Played on: April 5, 2016, 3:57 p.m.
  • Length: 5:09
Show
View Real Time Build Order
Export as new Build Order

Pokebunny Terran 

Build Orders: Reaper Expand 

Get SALT Encoding   

  12  0:01  SCV  
  13  0:13  SCV  
  14  0:17  Supply Depot  
  14  0:26  SCV  
  15  0:40  SCV  
  15  0:41  Barracks  
  16  0:45  Refinery  
  16  0:52  SCV  
  17  1:04  SCV  
  18  1:16  SCV  
  19  1:28  Orbital Command  
  19  1:29  Reaper  
  20  1:39  Command Center  
  20  1:50  Supply Depot  
  20  1:54  SCV  
  21  2:06  Barracks, SCV  
  21  2:07  Barracks Reactor  
  22  2:16  Barracks  
  22  2:20  SCV  
  23  2:23  Refinery  
  23  2:33  SCV  
  23  2:43  Marine x2  
  25  2:45  SCV  
  25  2:49  Factory  
  25  2:51  Orbital Command  
  26  2:53  Barracks Tech Lab  
  26  2:59  SCV  
  26  3:01  Marine  
  26  3:02  Marine  
  29  3:06  Marine  
  29  3:11  SCV  
  31  3:15  Marine  
  31  3:18  SCV  
  33  3:21  Marine  
  33  3:23  Marine  
  35  3:27  Marine  
  35  3:31  SCV  
  35  3:32  SCV  
  38  3:37  Starport  
  38  3:38  Factory Reactor  
  38  3:39  Marine  
  39  3:43  Supply Depot  
  39  3:45  SCV  
  39  3:46  SCV  
  39  3:48  Marine  
  42  3:50  Marine  
  42  3:52  Marine  
  44  3:57  Supply Depot  
  44  3:58  SCV  
  44  3:59  SCV  
  46  4:05  Marine x2  
  46  4:08  Marine  
  49  4:10  Marine, SCV  
  49  4:11  SCV  
  52  4:22  Marine  
  52  4:23  Marine  
  55  4:24  SCV x2  
  55  4:29  Factory Tech Lab  
  55  4:37  Marine x2  
  46  4:40  Marine  
Show
View Real Time Build Order
Export as new Build Order

llllllll Zerg - Winner!

Build Orders: Hatch First, Roach Nydus 

Get SALT Encoding   

  12  0:01  Drone  
  13  0:12  Overlord  
  13  0:17  Drone  
  14  0:31  Drone x2  
  14  0:35  Drone  
  17  0:54  Hatchery  
  17  0:56  Drone  
  17  1:10  Spawning Pool  
  16  1:14  Drone  
  16  1:16  Extractor  
  16  1:19  Drone  
  16  1:23  Drone  
  18  1:30  Drone  
  19  1:39  Drone  
  20  1:49  Overlord  
  20  1:57  Queen  
  22  2:05  Queen  
  22  2:07  Zergling x4  
  26  2:11  Drone  
  27  2:18  Drone  
  27  2:21  Drone  
  29  2:29  Extractor  
  28  2:34  Lair  
  28  2:40  Drone x2  
  28  2:41  Queen  
  28  2:42  Drone  
  33  2:49  Drone x2  
  35  2:57  Roach Warren  
  34  3:02  Overlord  
  34  3:15  Overlord  
  34  3:17  Queen  
  36  3:32  Queen  
  36  3:33  Nydus Network, Overseer  
  37  3:40  Roach  
  39  3:46  Roach x2  
  43  3:50  Roach  
  43  3:53  Roach  
  47  3:57  Roach  
  49  4:02  Overlord  
  49  4:13  Nydus Canal  
  49  4:15  Roach  
  52  4:17  Zergling x2  
  52  4:21  Overlord  
  50  4:36  Roach  
  50  4:44  Roach  
  50  4:45  Roach x3  
  50  4:49  Roach x2  
Tags
 
Add a new tag
Caveats
  • Supply blocks, unpowered buildings, or Contaminate may cause inaccurate times.
  • Supply counts are checked every 10 seconds.